 Dungeon Crawl Stone Soup version 0.30.1-5-ged363bc7ee (webtiles) character file.

Game seed: 15940416471475793018

81 Ivernyr the Trooper (level 4, 49/49 HPs)
             Began as an Ogre Monk on Sept 19, 2023.
             Got out of the dungeon alive.
             The game lasted 00:05:23 (2025 turns).

Ivernyr the Trooper (Ogre Monk)                     Turns: 2025, Time: 00:05:24

Health: 49/49      AC:  3    Str: 15    XL:     4   Next: 40%
Magic:  4/4        EV: 10    Int: 11    God:
Gold:   129        SH:  0    Dex: 13    Spells: 3/3 levels left

rFire   . . .        a - +0 spear
rCold   . . .        d - orb {light}
rNeg    + . .        b - +0 robe
rPois   .            (helmet restricted)
rElec   .            (no cloak)
rCorr   .            (gloves unavailable)
SInv    +            (boots unavailable)
Will    .....        (no amulet)
Stlth   +            m - ring of positive energy
HPRegen 0.28/turn    o - ring of see invisible
MPRegen 0.09/turn

%: no passive effects
@: glowing
A: large, unfitting armour, tough skin 1
a: no special abilities


You escaped.
You visited 1 branch of the dungeon, and saw 3 of its levels.

You collected 129 gold pieces.

Inventory:

Hand Weapons
 a - a +0 spear (weapon)
Armour
 b - a +0 robe (worn)
 d - an orb of light (worn)
Jewellery
 m - a ring of positive energy (left hand)
 o - a ring of see invisible (right hand)
Scrolls
 g - a scroll of torment {unknown}
 h - 3 scrolls of fear {unknown}
 j - a scroll of amnesia {unknown}
 l - a scroll of identify {unknown}
 n - 2 scrolls of teleportation {unknown}
 p - a scroll of fog {unknown}
 q - a scroll of vulnerability {unknown}
 r - a scroll of poison {unknown}
 s - a scroll of immolation {unknown}
Potions
 c - a potion of ambrosia
 e - 2 potions of lignification {unknown}
 f - 2 potions of heal wounds {unknown}
 i - 2 potions of flight {unknown}
 k - 2 potions of might {unknown}


   Skills:
 + Level 4.8 Fighting
 - Level 3.0(3.4) Polearms
 * Level 2.6(3.3) Staves
 + Level 3.2 Dodging


You had 3 spell levels left.
You didn't know any spells.
Your spell library contained the following spells:

 Spells                   Type           Power      Damage    Failure   Level
 Apportation              Tloc           0%         N/A       34%         1
 Necrotise                Necr           0%         1d4       34%         1
 Summon Small Mammal      Summ           0%         N/A       34%         1


Dungeon Overview and Level Annotations

Branches:
Dungeon (3/15)

Altars:
Vehumet


Innate Abilities, Weirdness & Mutations

You are too large for most types of armour.
You have tough skin. (AC +1)


Message History

A dart slug comes into view.
A dart slug is nearby!
You see here a scroll labelled VAPRONW ADIM.
You hit the dart slug.
The dart slug is heavily wounded.
The dart slug bites you.
You hit the dart slug.
The dart slug is severely wounded.
You hit the dart slug but do no damage.
The dart slug is severely wounded.
The dart slug launches a dart at you.
The slug dart hits you but does no damage.
You hit the dart slug.
You kill the dart slug!
You see here a dart slug corpse.
s - a scroll labelled VAPRONW ADIM An orc comes into view.
It is wielding a +0 flail.
The orc shouts!
The orc moves out of view.
(D) Dungeon
Where to? (Enter - D:3, ? - help)
What level of the Dungeon? (default 1, ? - help)
An orc is nearby!
(D) Dungeon
Where to? (Enter - D:1 @ (x,y), ? - help)
What level of the Dungeon? (default 1, ? - help)
An orc is nearby!
You see here a frilled lizard corpse.
There is a stone staircase leading up here.
You climb upwards.
There is a stone staircase leading down here.
(D) Dungeon
Where to? (Enter - D:1 @ (x,y), ? - help)
What level of the Dungeon? (default 1, ? - help)
There is a stone staircase leading up here.
You climb upwards.
There is a stone staircase leading down here.
There is a staircase leading out of the dungeon here.
Are you sure you want to leave the Dungeon?
This will make you lose the game!
You have escaped!

# ##.......# #.#.....#.#
# ###..#######
#.#.....#.# #
#...####### #.#.......#
#
#.###.....####.#.####..#
# #.# #..⌠.....###.#
#..#
#.###.........##.####..#
#..#......#.........#..#
#.........###...###.#..#
#...#..@..# ##..# #.#..#
##........###..## #.#...
#.#......#....# #.##.#
####.........#####.##.#
#..⌠.....##.....#..#
#.....#####.....#.##
####### #.....#...
#.....#### #.........


There were no monsters in sight!

Vanquished Creatures
  2 adders
  3 worms (D:2)
  2 dart slugs
  3 bats
  5 endoplasms
  3 giant cockroaches
  3 goblins (D:1)
  4 hobgoblins
  5 jackals
  5 ball pythons
  6 frilled lizards
  5 kobolds
  4 rats
50 creatures vanquished.

Notes
Turn   | Place    | Note
-------+----------+-------------------------------------------
     0 | D:1      | Ivernyr the Ogre Monk began the quest for the Orb.
     0 | D:1      | Reached XP level 1. HP: 24/24 MP: 1/1
   213 | D:1      | Reached skill level 1 in Staves
   213 | D:1      | Reached XP level 2. HP: 32/32 MP: 2/2
   749 | D:1      | Found a faded altar of an unknown god.
   851 | D:2      | Identified the +0 helmet "Boadwo" {rElec}
   859 | D:2      | Reached XP level 3. HP: 34/40 MP: 3/3
  1356 | D:2      | Reached XP level 4. HP: 26/49 MP: 4/4
  1843 | D:3      | Found a radiant altar of Vehumet.
  2025 | D:$      | Got out of the dungeon alive.

Illustrated notes

Levels and vault maps discovered:
D:1:      dpeg_arrival_arbitrary_c, layout_basic,
          dilly_ecumenical_altar_fadedgnrine, nicolae_figureground_sparkle
D:2:      layout_loops_ring
D:3:      layout_rooms, nicolae_vehumet_radiance, nicolae_uskayaw_dance_hall

Skill      XL: |  1  2  3 |
---------------+----------+-----
Staves         | 1 2 |  2.6
Dodging        | 3 |  3.2
Fighting       | |  4.8
Polearms       | |  3.0

Action                     |  1- 3 |  4- 6 || total
---------------------------+-------+-------++-------
  Melee: Spear             |   149 |    42 ||   191
 Armour: Robe              |    34 |    19 ||    53
  Dodge: Dodged            |    70 |    27 ||    97
